 Dungeon Crawl Stone Soup version 0.30.0-29-ga12c61a403 (webtiles) character file.

Game seed: 17031237316634156892

1159 7w4c the Cleaver (level 8, -1/70 HPs)
             Began as a Hill Orc Fighter on June 15, 2023.
             Was an Elder of Jiyva.
             Slain by Menkaure (9 damage)
             ... on level 5 of the Dungeon.
             The game lasted 00:27:21 (2396 turns).

7w4c the Cleaver (Hill Orc Fighter)                 Turns: 2396, Time: 00:27:24

Health: -1/70      AC: 13    Str: 18 (21) XL:     8   Next: 39%
Magic:  8/8        EV: 12    Int:  6 (8)  God:    Jiyva [****..]
Gold:   70         SH:  9    Dex: 10      Spells: 4/7 levels left

rFire   . . .        a - +0 war axe
rCold   . . .        c - +0 buckler
rNeg    . . .        b - +0 scale mail
rPois   .            r - +2 helmet
rElec   .            (no cloak)
rCorr   +            (no gloves)
SInv    .            (no boots)
Will    .....        m - amulet of reflection Stlth
                     (no ring)
HPRegen 1.59/turn    (no ring)
MPRegen 0.51/turn

%: reflection
@: no status effects
A: acidic bite, gelatinous body 3
a: Renounce Religion, Oozemancy, Slimify


You were on level 5 of the Dungeon.
You worshipped Jiyva.
Jiyva was greatly pleased with you.
You visited 1 branch of the dungeon, and saw 5 of its levels.

You collected 99 gold pieces.
You spent 29 gold pieces at shops.

Inventory:

Hand Weapons
 a - a +0 war axe (weapon)
 i - a +0 sling
Missiles
 j - 4 stones (quivered)
Armour
 b - a +0 scale mail (worn)
 c - a +0 buckler (worn)
 r - a +2 helmet (worn)
Jewellery
 m - an amulet of reflection (around neck)
Wands
 d - a wand of mindburst (16)
Scrolls
 e - 5 scrolls of blinking
 k - a scroll of vulnerability {unknown}
 n - a scroll of butterflies {unknown}
 p - a scroll of amnesia {unknown}
 q - a scroll of enchant weapon {unknown}
 s - a scroll of identify {unknown}
 t - a scroll of magic mapping {unknown}
Potions
 g - a potion of mutation {unknown}
 h - a potion of flight
 l - a potion of brilliance {unknown}
 o - a potion of attraction {unknown}


   Skills:
 + Level 5.9 Fighting
 + Level 9.0 Axes
 + Level 1.0 Throwing
 + Level 5.7 Armour
 + Level 1.4 Dodging
 + Level 0.2 Stealth
 + Level 4.6 Shields


You had 4 spell levels left.
You knew the following spells:

 Your Spells              Type           Power      Damage    Failure   Level
a - Tukima's Dance        Hex            0%         N/A       99%         3

Your spell library contained the following spells:

 Spells                   Type           Power      Damage    Failure   Level
 Passage of Golubria      Tloc           0%         N/A       100%        4
 Yara's Violent Unravell  Hex/Tmut       0%         3d3       100%        5


Dungeon Overview and Level Annotations

Branches:
Dungeon (5/15)             Temple (0/1) D:4

Altars:
Elyvilon
Fedhas
Yredelemnul
Zin
Jiyva

Shops:
D:5 *

Annotations:
D:5 Menkaure, Prince Ribbit


Innate Abilities, Weirdness & Mutations

You have acidic saliva.
Your gelatinous body deflects attacks. (AC +3, EV +3)


Message History

You hit the adder.
You kill the adder!
You slash the phantom! You barely miss the adder.
You feel sick. The water moccasin closely misses you.
You block the phantom's attack.
Menkaure calls on the powers of darkness!
Your body is wracked with pain!
* * * LOW HITPOINT WARNING * * *
The dart slug convulses!
The water moccasin convulses!
Prince Ribbit convulses!
The adder convulses!
You block the adder's attack.
The water moccasin bites you but does no damage.
Your Throwing skill increases to level 1!
You closely miss the water moccasin.
The water moccasin is severely wounded.
You hit the phantom but do no damage. You slash the adder!
You kill the adder!
You feel sick.
Prince Ribbit blinks!
You block the water moccasin's attack. You block the phantom's attack.
The water moccasin bites you but does no damage.
The phantom hits you but does no damage.
You hit the phantom but do no damage. You bite the phantom.
The phantom is moderately damaged.
You barely miss the water moccasin.
You feel sick.
The water moccasin bites you but does no damage.
Prince Ribbit blinks!
You block the phantom's attack.
You hit the water moccasin. You bite the water moccasin.
You kill the water moccasin!
You hit the phantom. You hit Menkaure but do no damage.
You feel sick.
You are no longer poisoned.
Menkaure calls on the powers of darkness!
Your body is wracked with pain!
* * * LOW HITPOINT WARNING * * *
Prince Ribbit convulses!
The phantom closely misses you.
Your Axes skill increases to level 9!
As you read the scroll labelled GOAMOST UMIQO, it crumbles to dust.
You hear a loud clanging noise!
It was a scroll of noise.
You hear an angry hiss.
You hear a shout! x5; You hear a howl!
You hear an angry hiss.
Menkaure hits you!
You die...

..# ... #.. ..#.
... ..... ..
..#....# #..
#.#....#
#..###.#....#
#.....†M..#
#<.#.@W..# #
#..#..§..##.##
##..F....w.....
###..#......#....
................
............#.##.
...###...........
.......>.........
###.......#.#.#....


You could see Prince Ribbit, a phantom, Menkaure and a dart slug.

Vanquished Creatures
  Pikel (D:4)
  Grinder (D:5)
  A water moccasin (D:5)
  An ice beast (D:5)
  3 lemures (D:4)
  A phantom (D:3)
  A bullfrog (D:5)
  A howler monkey (D:5)
  5 orc wizards
  5 gnolls
  4 adders
  An ufetubus (D:5)
  2 worms (D:2)
  A dart slug (D:3)
  6 orcs (D:4)
  An endoplasm (D:1)
  2 giant cockroaches (D:3)
  A goblin (D:4)
  4 hobgoblins
  5 jackals (D:1)
  2 kobolds (D:2)
  A quokka (D:2)
  4 ball pythons
  A rat (D:2)
55 creatures vanquished.

Vanquished Creatures (others)
  Sigmund (D:4)
  A scorpion (D:4)
  An orc priest (D:4)
  A jelly (D:3)
  2 adders
  A gnoll (D:3)
  A worm (D:3)
  2 endoplasms (D:3)
  4 orcs (D:4)
  A giant cockroach (D:3)
  3 goblins
  A hobgoblin (D:2)
  2 quokkas
  3 ball pythons
  A bat (D:1)
  A frilled lizard (D:1)
  3 kobolds
  A butterfly (D:4)
30 creatures vanquished.

Grand Total: 85 creatures vanquished

Notes
Turn   | Place    | Note
-------+----------+-------------------------------------------
     0 | D:1      | 7w4c the Hill Orc Fighter began the quest for the Orb.
     0 | D:1      | Reached XP level 1. HP: 19/19 MP: 1/1
   112 | D:1      | Found a faded altar of an unknown god.
   120 | D:1      | Prayed at the altar of an unknown god.
   120 | D:1      | Became a worshipper of Jiyva Juuph the Shapeless
   120 | D:1      | Reached * piety under Jiyva
   273 | D:1      | Reached XP level 2. HP: 27/27 MP: 2/2
   366 | D:2      | Reached skill level 3 in Axes
   433 | D:2      | Found a basalt altar of Yredelemnul.
   697 | D:2      | Reached XP level 3. HP: 33/33 MP: 3/3
   750 | D:2      | Reached ** piety under Jiyva
  1258 | D:3      | Noticed a phantom
  1274 | D:3      | Killed a phantom
  1275 | D:3      | Reached skill level 4 in Axes
  1275 | D:3      | Reached XP level 4. HP: 39/41 MP: 4/4
  1502 | D:3      | Found a glowing silver altar of Zin.
  1840 | D:3      | Reached XP level 5. HP: 37/47 MP: 5/5
  1859 | D:3      | Reached *** piety under Jiyva
  1866 | D:3      | Learned a level 3 spell: Tukima's Dance
  1885 | D:3      | Gained mutation: You have acidic saliva. [Jiyva's grace]
  1885 | D:3      | Gained mutation: Your rubbery body absorbs attacks. (AC +1,
                  | EV +1) [Jiyva's grace]
  1885 | D:3      | Gained mutation: Your pliable body absorbs attacks. (AC +2,
                  | EV +2) [Jiyva's grace]
  1885 | D:3      | Gained mutation: Your gelatinous body deflects attacks. (AC
                  | +3, EV +3) [Jiyva's grace]
  1986 | D:4      | Found a basalt altar of Yredelemnul.
  1987 | D:4      | Found a blossoming altar of Fedhas.
  2005 | D:4      | Noticed a lemure
  2005 | D:4      | Noticed a lemure
  2006 | D:4      | Noticed Pikel
  2006 | D:4      | Noticed a lemure
  2011 | D:4      | Noticed a lemure
  2015 | D:4      | Killed a lemure
  2016 | D:4      | Killed a lemure
  2021 | D:4      | Killed a lemure
  2022 | D:4      | Killed Pikel
  2023 | D:4      | Reached skill level 5 in Fighting
  2023 | D:4      | Reached skill level 6 in Axes
  2023 | D:4      | Reached skill level 5 in Armour
  2023 | D:4      | Reached skill level 1 in Dodging
  2023 | D:4      | Reached XP level 6. HP: 29/56 MP: 6/6
  2023 | D:4      | Reached XP level 7. HP: 31/61 MP: 7/7
  2039 | D:4      | Reached skill level 7 in Axes
  2146 | D:4      | Killed Sigmund
  2222 | D:4      | Found a white marble altar of Elyvilon.
  2289 | D:4      | Found a staircase to the Ecumenical Temple.
  2311 | D:5      | Entered Level 5 of the Dungeon
  2311 | D:5      | Noticed Grinder
  2312 | D:5      | Found Meeplye's Assorted Antiques.
  2313 | D:5      | Paralysed by Grinder for 3 turns
  2328 | D:5      | Paralysed by Grinder for 3 turns
  2342 | D:5      | Killed Grinder
  2343 | D:5      | Reached skill level 8 in Axes
  2343 | D:5      | Reached XP level 8. HP: 56/70 MP: 8/8
  2345 | D:5      | Reached **** piety under Jiyva
  2352 | D:5      | Bought a scroll labelled ZIACRO NETUH for 29 gold pieces
  2382 | D:5      | Noticed Menkaure
  2387 | D:5      | Noticed Prince Ribbit
  2393 | D:5      | Reached skill level 1 in Throwing
  2396 | D:5      | Reached skill level 9 in Axes
  2396 | D:5      | Slain by Menkaure

Illustrated notes

Levels and vault maps discovered:
D:1:      dpeg_arrival_ternary, layout_loops_corners,
          chequers_ecumenical_altar_simple, minivault_4
D:2:      layout_basic, basic_altar
D:3:      layout_basic, zin_statuary
D:4:      layout_rooms, general_overflow_altar, grunt_temple_overflow_open,
          minmay_temple_entry_butterflies, grunt_ministairs_15, uniq_sigmund,
          uniq_pikel
D:5:      layout_rooms, nicolae_ru_path_of_blood, gammafunk_ghost_nasty_kobolds,
          serial_shops, nicolae_shop_tiny_statue_garden,
          minmay_fractal_squares_diagonal_5, uniq_duvessa, uniq_grinder,
          uniq_menkaure, uniq_prince_ribbit1

Skill      XL: |  1  2  3  4  5  6  7  8 |
---------------+-------------------------+-----
Fighting       | 4 5 |  5.9
Axes           | 3 4 6 8 9 |  9.0
Armour         | 4 5 |  5.7
Dodging        | 1 |  1.4
Shields        | 4 |  4.6
Throwing       | 1 |  1.0
Stealth        | |  0.2

Action                     |  1- 3 |  4- 6 |  7- 9 || total
---------------------------+-------+-------+-------++-------
  Melee: War axe           |    66 |    36 |    63 ||   165
         Bite              |       |     1 |     6 ||     7
  Throw: Stone             |    10 |       |     4 ||    14
    Use: Scroll            |     1 |       |     1 ||     2
         Potion            |       |     1 |     2 ||     3
 Armour: Scale mail        |    15 |    13 |    56 ||    84
  Dodge: Dodged            |    25 |    23 |    47 ||    95
  Block: Buckler           |    18 |    23 |    44 ||    85
         Reflection        |       |       |     3 ||     3
